[Event "129th New Zealand Championship 2022"]
[Site "Christchurch"]
[Date "2022.01.03"]
[Round "1.1"]
[White "Milligan, Helen"]
[Black "Croad, Nicolas"]
[Result "1/2-1/2"]
[ECO "C88"]
[WhiteElo "1956"]
[BlackElo "2289"]
[Annotator "ChessBase"]
[PlyCount "87"]
[EventDate "2022.01.02"]
[EventType "swiss"]
[EventCountry "NZL"]
[SourceTitle "playchess.com"]
[Source "ChessBase"]
[SourceQuality "1"]
[TimeControl "40/5400+30:1800+30"]

1. e4 e5 2. Nf3 Nc6 3. Bb5 a6 4. Ba4 Nf6 5. O-O Be7 6. Re1 b5 7. Bb3 O-O 8. a4 b4 9. c3 Rb8 10. d4 d6 11. h3 h6 12. Nbd2 bxc3 13. bxc3 exd4 14. cxd4 Nb4 15. Nf1 d5 16. Ng3 dxe4 17. Ne5 c5 18. Ng6 Re8 19. Nxe4 Nxe4 20. Rxe4 Bf6 21. Rxe8+ Qxe8 22. Bf4 Rb7 23. Be5 Bxe5 24. Nxe5 cxd4 25. Qxd4 Nc6 26. Nxc6 Rxb3 27. Rc1 Be6 28. Qa7 Bd7 29. Qxa6 Bxc6 30. Qxc6 Qxc6 31. Rxc6 Ra3 32. Ra6 h5 33. h4 g6 34. Ra7 Kg7 35. a5 Ra4 36. g3 Ra2 37. a6 Kf6 38. Kg2 Ra3 39. Ra8 Kf5 40. Ra7 Kf6 41. Kf1 Ra2 42. Ke1 Ke6 43. Ra8 Kf5 44. Ra7 1/2-1/2

[Event "129th New Zealand Championship 2022"]
[Site "Christchurch"]
[Date "2022.01.03"]
[Round "1.2"]
[White "Ker, Anthony F"]
[Black "Punsalan, Vyanla M"]
[Result "1-0"]
[ECO "B13"]
[WhiteElo "2303"]
[BlackElo "1945"]
[Annotator "ChessBase"]
[PlyCount "57"]
[EventDate "2022.01.02"]
[EventType "swiss"]
[EventCountry "NZL"]
[SourceTitle "playchess.com"]
[Source "ChessBase"]
[SourceQuality "1"]
[TimeControl "40/5400+30:1800+30"]

1. e4 c6 2. d4 d5 3. exd5 cxd5 4. Bd3 Nc6 5. c3 g6 6. Bf4 Bg7 7. Nd2 Nf6 8. Ngf3 Nh5 9. Be3 Qd6 10. O-O O-O 11. Re1 Nf4 12. Bb5 Ne6 13. Nb3 f5 14. c4 f4 15. Bc1 Kh8 16. cxd5 Qxd5 17. Bxc6 bxc6 18. Bd2 g5 19. h3 a5 20. Rc1 Rb8 21. Bxa5 Rb5 22. Bc3 Nd8 23. Rxe7 g4 24. hxg4 Bxg4 25. Qd3 Rg8 26. Ne5 Bh3 27. Qxh3 Bh6 28. Ng4 f3 29. Qxh6 1-0

[Event "129th New Zealand Championship 2022"]
[Site "Christchurch"]
[Date "2022.01.03"]
[Round "1.3"]
[White "Tang, Hao"]
[Black "Dive, Russell John"]
[Result "0-1"]
[ECO "D94"]
[WhiteElo "1838"]
[BlackElo "2265"]
[Annotator "ChessBase"]
[PlyCount "98"]
[EventDate "2022.01.02"]
[EventType "swiss"]
[EventCountry "NZL"]
[SourceTitle "playchess.com"]
[Source "ChessBase"]
[SourceQuality "1"]
[TimeControl "40/5400+30:1800+30"]

1. d4 Nf6 2. Nf3 c5 3. c4 cxd4 4. Nxd4 g6 5. Nc3 Bg7 6. e3 O-O 7. Be2 d5 8. O-O dxc4 9. Bxc4 a6 10. Be2 e5 11. Nf3 Nc6 12. e4 h6 13. Be3 Be6 14. Rc1 Rc8 15. Qa4 Qc7 16. Rfd1 Rfd8 17. h3 Kh7 18. a3 Rxd1+ 19. Rxd1 Rd8 20. Rxd8 Nxd8 21. Qd1 Nc6 22. Nd5 Qd8 23. Bb6 Qc8 24. Nxf6+ Bxf6 25. Be3 Bg7 26. b4 f5 27. exf5 gxf5 28. Qd6 Bf8 29. Qd1 Qd7 30. Qxd7+ Bxd7 31. b5 axb5 32. Bxb5 Bxa3 33. Bxc6 Bxc6 34. Nxe5 Bd5 35. Bb6 Kg7 36. f4 Kf6 37. Kf2 Ke6 38. g4 Be4 39. Nc4 Bb4 40. Ne3 Kd6 41. g5 hxg5 42. fxg5 f4 43. Ng4 Ke6 44. Nf6 Bc6 45. h4 Kf5 46. Ke2 Bc3 47. Bd8 f3+ 48. Kf1 Bd4 49. Nh5 Bb5+ 0-1

[Event "129th New Zealand Championship 2022"]
[Site "Christchurch"]
[Date "2022.01.03"]
[Round "1.4"]
[White "Lukey, Stephen G"]
[Black "Metge, J. Nigel"]
[Result "1-0"]
[ECO "A90"]
[WhiteElo "2162"]
[BlackElo "1879"]
[Annotator "ChessBase"]
[PlyCount "57"]
[EventDate "2022.01.02"]
[EventType "swiss"]
[EventCountry "NZL"]
[SourceTitle "playchess.com"]
[Source "ChessBase"]
[SourceQuality "1"]
[TimeControl "40/5400+30:1800+30"]

1. d4 e6 2. Nf3 f5 3. g3 Nf6 4. Bg2 d5 5. c4 c6 6. O-O Bd6 7. b3 Qe7 8. Ne5 O-O 9. Bf4 Nbd7 10. Nd3 dxc4 11. bxc4 e5 12. dxe5 Nxe5 13. Qb3 Kh8 14. Nd2 Nfd7 15. Nf3 Nxf3+ 16. Bxf3 Bxf4 17. Nxf4 Nc5 18. Qa3 Rf7 19. Rfd1 Ne6 20. Qd6 g6 21. Rab1 Nxf4 22. Qxf4 Be6 23. Rb3 Qc5 24. Rd6 g5 25. Qd2 Re8 26. Rd8 Qe7 27. Rxe8+ Qxe8 28. Bh5 Rd7 29. Qc3+ 1-0

[Event "129th New Zealand Championship 2022"]
[Site "Christchurch"]
[Date "2022.01.03"]
[Round "1.5"]
[White "Sole, Michael D"]
[Black "Gong, Daniel Hanwen"]
[Result "0-1"]
[ECO "B38"]
[WhiteElo "1815"]
[BlackElo "2269"]
[Annotator "ChessBase"]
[PlyCount "74"]
[EventDate "2022.01.02"]
[EventType "swiss"]
[EventCountry "NZL"]
[SourceTitle "playchess.com"]
[Source "ChessBase"]
[SourceQuality "1"]
[TimeControl "40/5400+30:1800+30"]

1. e4 c5 2. Nf3 Nc6 3. d4 cxd4 4. Nxd4 g6 5. c4 Bg7 6. Be3 Nf6 7. Nc3 O-O 8. Be2 d6 9. O-O Bd7 10. h3 a5 11. Qc2 Ne8 12. Nxc6 Bxc6 13. Rfd1 Qc7 14. Rac1 Nf6 15. b3 Rfc8 16. Bg4 Nxg4 17. hxg4 b5 18. cxb5 Bxb5 19. Qb1 Bxc3 20. Bd4 Qd7 21. Bxc3 Be2 22. Rd5 Qxg4 23. Kh2 e6 24. Rd4 Rc5 25. e5 Qh5+ 26. Kg1 dxe5 27. Re4 Rac8 28. Re3 Ba6 29. Qb2 Bb7 30. Rce1 Qg5 31. Rg3 Qf5 32. Rxe5 Rxe5 33. Bxe5 Rc2 34. Qd4 Rc1+ 35. Kh2 Qh5+ 36. Rh3 Rh1+ 37. Kg3 Qg5+ 0-1

[Event "129th New Zealand Championship 2022"]
[Site "Christchurch"]
[Date "2022.01.03"]
[Round "1.6"]
[White "Xie, Felix"]
[Black "Langford, Josh"]
[Result "1-0"]
[ECO "E04"]
[WhiteElo "2166"]
[BlackElo "1637"]
[Annotator "ChessBase"]
[PlyCount "31"]
[EventDate "2022.01.02"]
[EventType "swiss"]
[EventCountry "NZL"]
[SourceTitle "playchess.com"]
[Source "ChessBase"]
[SourceQuality "1"]
[TimeControl "40/5400+30:1800+30"]

1. d4 Nf6 2. c4 e6 3. g3 d5 4. Bg2 dxc4 5. Nf3 c5 6. Qa4+ Nc6 7. Ne5 Qa5+ 8. Qxa5 Nxa5 9. Bd2 cxd4 10. Bxa5 Bd7 11. Nxd7 Nxd7 12. Bxb7 Rb8 13. Ba6 Rxb2 14. Bxc4 Ne5 15. Bb3 d3 16. Nd2 1-0

[Event "129th New Zealand Championship 2022"]
[Site "Christchurch"]
[Date "2022.01.03"]
[Round "1.7"]
[White "Wang, Aaron Ziwen"]
[Black "McNabb, Matthew David"]
[Result "0-1"]
[ECO "A37"]
[WhiteElo "1788"]
[BlackElo "2029"]
[Annotator "ChessBase"]
[PlyCount "102"]
[EventDate "2022.01.02"]
[EventType "swiss"]
[EventCountry "NZL"]
[SourceTitle "playchess.com"]
[Source "ChessBase"]
[SourceQuality "1"]
[TimeControl "40/5400+30:1800+30"]

1. c4 c5 2. Nc3 Nc6 3. g3 g6 4. Bg2 Bg7 5. Nf3 e5 6. d3 Nge7 7. Ng5 d6 8. Bd5 O-O 9. h4 Nxd5 10. Nxd5 h6 11. Ne4 f5 12. Nec3 a6 13. a3 Rb8 14. Be3 b5 15. Qc1 Kh7 16. cxb5 axb5 17. b4 cxb4 18. axb4 e4 19. dxe4 fxe4 20. Nxe4 Bf5 21. Nec3 Rc8 22. Nb6 Qf6 23. Nbd5 Qe6 24. Ra3 Bxc3+ 25. Nxc3 Nxb4 26. Ra7+ Rf7 27. Rxf7+ Qxf7 28. Qb2 Nc2+ 29. Kd2 Rxc3 30. Qxc3 Qd5+ 31. Bd4 Nxd4 32. Qc7+ Kg8 33. Qd8+ Kf7 34. Qc7+ Ke8 35. Qb8+ Kd7 36. Qa7+ Ke6 37. e4 Bxe4 38. Qh7 Nf5+ 39. Kc3 Qc4+ 40. Kb2 Qd4+ 41. Ka2 Bd5+ 42. Kb1 Qd3+ 43. Kb2 Qb3+ 44. Kc1 Qc3+ 45. Kb1 Be4+ 46. Ka2 Qc2+ 47. Ka1 Qa4+ 48. Kb2 Qb4+ 49. Ka2 Bd5+ 50. Ka1 Qa3+ 51. Kb1 Be4# 0-1

[Event "129th New Zealand Championship 2022"]
[Site "Christchurch"]
[Date "2022.01.03"]
[Round "1.8"]
[White "Cilia Vincenti, David"]
[Black "Ning, Isabelle Yixuan"]
[Result "1-0"]
[ECO "A26"]
[WhiteElo "2076"]
[BlackElo "1796"]
[Annotator "NA"]
[PlyCount "127"]
[EventDate "2022.01.02"]
[EventType "swiss"]
[EventCountry "NZL"]
[SourceTitle "playchess.com"]
[Source "ChessBase"]
[SourceQuality "1"]
[TimeControl "40/5400+30:1800+30"]

1. c4 Nf6 2. Nc3 g6 3. g3 Bg7 4. Bg2 O-O 5. e4 d6 6. Nge2 Nc6 7. O-O e5 8. d3 a6 9. a4 a5 10. h3 Be6 11. Nd5 Ne7 12. Bg5 Nfxd5 13. cxd5 Bd7 14. Qd2 Ra6 15. Be3 c6 16. dxc6 Nxc6 17. d4 exd4 18. Nxd4 Ne5 19. b3 Qe7 20. Rac1 Nc6 21. Nb5 Nb4 22. Nc7 Rc6 23. Nd5 Nxd5 24. exd5 Rxc1 25. Rxc1 Qd8 26. Qc2 b5 27. axb5 Bxb5 28. Qc7 Qxc7 29. Rxc7 Rb8 30. Bf4 Be5 31. Bxe5 dxe5 32. Ra7 Be8 33. Rxa5 Rxb3 34. Ra8 Kf8 35. d6 Rd3 36. Bc6 Rxd6 37. Rxe8+ Kg7 38. Bb5 Rd5 39. Rb8 f5 40. Rb7+ Kh6 41. Bc4 Rd1+ 42. Kg2 Rd8 43. h4 e4 44. Kf1 Rc8 45. Bb3 Rd8 46. Ke2 Rc8 47. Ke3 Rd8 48. Bc4 Rc8 49. Kd4 Rd8+ 50. Bd5 Re8 51. Rd7 Rb8 52. Re7 Rf8 53. Ke5 Rd8 54. Ra7 Re8+ 55. Be6 Rf8 56. Rf7 Re8 57. Rc7 Rf8 58. Rc8 Rxc8 59. Bxc8 Kh5 60. Bxf5 gxf5 61. Kxf5 e3 62. fxe3 h6 63. g4+ Kxh4 64. e4 1-0

[Event "129th New Zealand Championship 2022"]
[Site "Christchurch"]
[Date "2022.01.03"]
[Round "1.9"]
[White "Van Der Hoorn, Thomas"]
[Black "Winter, Ryan"]
[Result "1/2-1/2"]
[ECO "B48"]
[WhiteElo "1685"]
[BlackElo "2006"]
[Annotator "NA"]
[PlyCount "99"]
[EventDate "2022.01.02"]
[EventType "swiss"]
[EventCountry "NZL"]
[SourceTitle "playchess.com"]
[Source "ChessBase"]
[SourceQuality "1"]
[TimeControl "40/5400+30:1800+30"]

1. e4 c5 2. Nf3 e6 3. d4 cxd4 4. Nxd4 Nc6 5. Nc3 Qc7 6. Be3 a6 7. Qd2 Nf6 8. f3 Be7 9. O-O-O b5 10. Bd3 Bb7 11. Kb1 Nxd4 12. Bxd4 e5 13. Be3 b4 14. Na4 d5 15. exd5 Nxd5 16. Be4 Rd8 17. Qf2 O-O 18. Bc5 Bc6 19. Nb6 Bxc5 20. Qxc5 Nxb6 21. Qxc6 Qxc6 22. Bxc6 g6 23. b3 Kg7 24. Kc1 f5 25. Rxd8 Rxd8 26. Rd1 Rxd1+ 27. Kxd1 Kf6 28. Ke2 Ke6 29. Kd3 Kd6 30. Bb7 a5 31. c4 bxc3 32. Kxc3 Kc5 33. a3 Kb5 34. h4 Nd7 35. Bd5 Nf6 36. Bc4+ Kc5 37. b4+ axb4+ 38. axb4+ Kc6 39. g3 Nh5 40. g4 fxg4 41. fxg4 Nf6 42. g5 Ne4+ 43. Kd3 Nd6 44. Bg8 Nf5 45. Bxh7 Nxh4 46. Ke4 Kb5 47. Kxe5 Nf3+ 48. Kf6 Nxg5 49. Kxg5 Kxb4 50. Bxg6 1/2-1/2

[Event "129th New Zealand Championship 2022"]
[Site "Christchurch"]
[Date "2022.01.03"]
[Round "1.10"]
[White "Rains, Edward"]
[Black "Ha, Huy Minh (Timothy)"]
[Result "1-0"]
[ECO "C56"]
[WhiteElo "2004"]
[BlackElo "1637"]
[Annotator "NA"]
[PlyCount "55"]
[EventDate "2022.01.02"]
[EventType "swiss"]
[EventCountry "NZL"]
[SourceTitle "playchess.com"]
[Source "ChessBase"]
[SourceQuality "1"]
[TimeControl "40/5400+30:1800+30"]

1. e4 e5 2. Nf3 Nc6 3. d4 exd4 4. Bc4 Nf6 5. e5 Ne4 6. Bd5 Nc5 7. O-O Ne6 8. Nbd2 Be7 9. Nb3 O-O 10. Re1 d6 11. Bxc6 bxc6 12. Nbxd4 Bd7 13. Nf5 dxe5 14. Nxe5 Be8 15. Nxe7+ Qxe7 16. Be3 Qf6 17. Nd3 Bd7 18. Nc5 Bc8 19. b3 Re8 20. Qd2 Nxc5 21. Bg5 Qe6 22. Rxe6 Bxe6 23. Qb4 Nd7 24. c4 Ne5 25. Qc5 f6 26. Be3 Bd7 27. h3 a6 28. Qa5 1-0

[Event "129th New Zealand Championship 2022"]
[Site "Christchurch"]
[Date "2022.01.03"]
[Round "1.12"]
[White "Lee, Edward S"]
[Black "Gomes, Luiz Alexandre de So"]
[Result "1-0"]
[ECO "B23"]
[WhiteElo "1974"]
[BlackElo "2335"]
[Annotator "ChessBase"]
[PlyCount "87"]
[EventDate "2022.01.02"]
[EventType "swiss"]
[EventCountry "NZL"]
[SourceTitle "playchess.com"]
[Source "ChessBase"]
[SourceQuality "1"]
[TimeControl "40/5400+30:1800+30"]

1. e4 c5 2. Nc3 Nc6 3. f4 g6 4. Nf3 Bg7 5. Bc4 a6 6. a4 e6 7. O-O Nd4 8. d3 Ne7 9. e5 Nef5 10. g4 Nxf3+ 11. Qxf3 Nd4 12. Qg2 d5 13. exd6 Qxd6 14. Ne4 Qe7 15. c3 Nc6 16. Be3 O-O 17. Bxc5 Qc7 18. Bxf8 Bxf8 19. Nf6+ Kh8 20. Rf3 Be7 21. g5 Qd8 22. Ng4 Bc5+ 23. Kh1 b5 24. axb5 Na5 25. b4 Nxc4 26. bxc5 Bb7 27. dxc4 Qc7 28. c6 axb5 29. Rxa8+ Bxa8 30. cxb5 Qa5 31. Qe2 f6 32. gxf6 Qd8 33. Rd3 Qc8 34. Qd1 Bxc6+ 35. bxc6 Qxc6+ 36. Kg1 Qc5+ 37. Kf1 Qc4 38. Qf3 Qa6 39. Kg2 Qc8 40. Qd1 Qc6+ 41. Kg3 h5 42. Rd8+ Kh7 43. Qd7+ Qxd7 44. Rxd7+ 1-0

[Event "129th New Zealand Championship 2022"]
[Site "Christchurch"]
[Date "2022.01.03"]
[Round "2.1"]
[White "McNabb, Matthew David"]
[Black "Ker, Anthony F"]
[Result "1/2-1/2"]
[ECO "B14"]
[WhiteElo "2029"]
[BlackElo "2303"]
[Annotator "ChessBase"]
[PlyCount "110"]
[EventDate "2022.01.02"]
[EventType "swiss"]
[EventCountry "NZL"]
[SourceTitle "playchess.com"]
[Source "ChessBase"]
[SourceQuality "1"]
[TimeControl "40/5400+30:1800+30"]

1. Nf3 c5 2. e3 g6 3. d4 cxd4 4. exd4 Bg7 5. c4 d5 6. Nc3 Nf6 7. Qb3 dxc4 8. Bxc4 O-O 9. Ne5 e6 10. Be3 Nc6 11. Nxc6 bxc6 12. O-O a5 13. Rad1 Ba6 14. Bxa6 Rxa6 15. Bg5 Qb6 16. Bxf6 Qxb3 17. axb3 Bxf6 18. Ne4 Bg7 19. Nc5 Raa8 20. Rd3 Rfd8 21. Rfd1 Rd5 22. Kf1 e5 23. Ra1 Bf8 24. b4 exd4 25. Ne4 Rb5 26. Rxa5 Rbxa5 27. bxa5 c5 28. Ra3 f5 29. Nf6+ Kf7 30. Nd7 Ke6 31. Nxf8+ Rxf8 32. a6 Kd5 33. a7 Ra8 34. Ke2 Kc6 35. Kd3 Kb6 36. b4 cxb4 37. Ra4 Rxa7 38. Rxb4+ Kc5 39. Rc4+ Kd5 40. Rxd4+ Ke5 41. Rb4 Ra3+ 42. Ke2 Ra2+ 43. Kf3 g5 44. Rb5+ Kf6 45. Rb6+ Kg7 46. h3 Ra7 47. Ke3 Re7+ 48. Kf3 Rf7 49. h4 gxh4 50. Rb4 Kg6 51. Rxh4 Kg5 52. Ra4 Rb7 53. g3 h5 54. Kg2 Rb2 55. Rc4 Ra2 1/2-1/2

[Event "129th New Zealand Championship 2022"]
[Site "Christchurch"]
[Date "2022.01.03"]
[Round "2.2"]
[White "Dive, Russell John"]
[Black "Cilia Vincenti, David"]
[Result "1-0"]
[ECO "A96"]
[WhiteElo "2265"]
[BlackElo "2076"]
[Annotator "ChessBase"]
[PlyCount "79"]
[EventDate "2022.01.02"]
[EventType "swiss"]
[EventCountry "NZL"]
[SourceTitle "playchess.com"]
[Source "ChessBase"]
[SourceQuality "1"]
[TimeControl "40/5400+30:1800+30"]

1. Nf3 e6 2. c4 f5 3. g3 Nf6 4. Bg2 Be7 5. O-O O-O 6. Nc3 d6 7. d4 Ne4 8. Qc2 Nxc3 9. Qxc3 a5 10. Rd1 Bf6 11. Qc2 Qe8 12. e4 fxe4 13. Qxe4 Nc6 14. Bf4 e5 15. dxe5 dxe5 16. Re1 Qf7 17. Bd2 g6 18. Bc3 Bf5 19. Qe3 e4 20. Nd2 Nb4 21. Nxe4 Bxc3 22. Qxc3 Bxe4 23. Rxe4 Qxf2+ 24. Kh1 Rad8 25. Re7 Qf6 26. Rxc7 Qxc3 27. bxc3 Nc2 28. Rb1 Ne3 29. Bd5+ Kh8 30. h4 Nxd5 31. cxd5 Rxd5 32. Rbxb7 Rh5 33. Kg2 Rg8 34. a4 g5 35. Rb5 Rh6 36. hxg5 Rh5 37. Rcc5 Rd8 38. Rc7 h6 39. gxh6 Rg8 40. Rxh5 1-0

[Event "129th New Zealand Championship 2022"]
[Site "Christchurch"]
[Date "2022.01.03"]
[Round "2.3"]
[White "Rains, Edward"]
[Black "Lukey, Stephen G"]
[Result "0-1"]
[ECO "E92"]
[WhiteElo "2004"]
[BlackElo "2162"]
[Annotator "NA"]
[PlyCount "126"]
[EventDate "2022.01.02"]
[EventType "swiss"]
[EventCountry "NZL"]
[SourceTitle "playchess.com"]
[Source "ChessBase"]
[SourceQuality "1"]
[TimeControl "40/5400+30:1800+30"]

1. d4 Nf6 2. c4 g6 3. Nc3 Bg7 4. e4 d6 5. Nf3 O-O 6. Be2 e5 7. Be3 Ng4 8. Bg5 f6 9. Bc1 Nc6 10. d5 Ne7 11. h3 Nh6 12. g4 Nf7 13. Rg1 Kh8 14. Qc2 f5 15. gxf5 gxf5 16. Bg5 Nxg5 17. Nxg5 Bh6 18. Qd2 Ng6 19. Nf7+ Rxf7 20. Qxh6 Nf4 21. Bh5 Nxh5 22. Qxh5 Qf6 23. f3 Bd7 24. O-O-O Raf8 25. Rg5 Rg7 26. Rxg7 Qxg7 27. Qh4 Qf6 28. Qxf6+ Rxf6 29. h4 a6 30. Rh1 Kg7 31. Rh2 Kh6 32. Kd2 fxe4 33. fxe4 Rf4 34. Ke3 Kh5 35. Ne2 Rxh4 36. Rg2 Rg4 37. Rf2 Rg7 38. Rh2+ Kg6 39. Kf3 h5 40. Ng3 Bg4+ 41. Ke3 Rf7 42. Rf2 Rxf2 43. Kxf2 Kg5 44. Ke3 h4 45. Nf1 Bh3 46. Nd2 Kg4 47. c5 Kg3 48. c6 bxc6 49. dxc6 Be6 50. a4 h3 51. b4 Kg2 52. Nf3 Bc4 53. Nh4+ Kg3 54. Nf5+ Kg2 55. Nh4+ Kf1 56. Nf3 d5 57. b5 d4+ 58. Kd2 axb5 59. a5 b4 60. Nxe5 h2 61. Nxc4 h1=Q 62. Kc1 Ke2+ 63. Kb2 Qxe4 0-1

[Event "129th New Zealand Championship 2022"]
[Site "Christchurch"]
[Date "2022.01.03"]
[Round "2.4"]
[White "Gong, Daniel Hanwen"]
[Black "Lee, Edward S"]
[Result "1-0"]
[ECO "D02"]
[WhiteElo "2269"]
[BlackElo "1974"]
[Annotator "ChessBase"]
[PlyCount "121"]
[EventDate "2022.01.02"]
[EventType "swiss"]
[EventCountry "NZL"]
[SourceTitle "playchess.com"]
[Source "ChessBase"]
[SourceQuality "1"]
[TimeControl "40/5400+30:1800+30"]

1. d4 Nf6 2. Bf4 e6 3. e3 d5 4. Bd3 c5 5. c3 Nc6 6. Nf3 Bd6 7. Bg3 O-O 8. Nbd2 b6 9. Qe2 c4 10. Bc2 b5 11. e4 Be7 12. Bh4 b4 13. e5 Ng4 14. Bxe7 Qxe7 15. O-O a5 16. Rfe1 Bd7 17. Rac1 f5 18. exf6 Qxf6 19. Nf1 Rae8 20. h3 Nh6 21. N1h2 Qf4 22. g3 Qf6 23. Kg2 Rf7 24. h4 Ref8 25. Rf1 Nf5 26. Ng4 Qg6 27. Nge5 Nxe5 28. Nxe5 Nxh4+ 29. Kh3 Qh6 30. gxh4 Rf4 31. Kg2 Rxh4 32. Bxh7+ Kxh7 33. Rh1 Rff4 34. f3 Qg5+ 35. Ng4 Kg8 36. Rxh4 Qxh4 37. Qe5 Rxg4+ 38. fxg4 Qxg4+ 39. Qg3 Qe2+ 40. Kh1 Qe4+ 41. Kg1 bxc3 42. bxc3 Qd3 43. Qg5 Qf5 44. Qd8+ Kh7 45. Qh4+ Kg8 46. Rf1 Qg6+ 47. Kh1 Qe4+ 48. Qxe4 dxe4 49. Kg2 g5 50. Rb1 Kf7 51. Rb7 Ke7 52. Rc7 Kd6 53. Rc5 g4 54. Rxa5 Bc6 55. Re5 Bd5 56. Kg3 Kc6 57. Kxg4 Kb5 58. Kf4 Ka4 59. Rxe4 Bxe4 60. Kxe4 Ka3 61. d5 1-0

[Event "129th New Zealand Championship 2022"]
[Site "Christchurch"]
[Date "2022.01.03"]
[Round "2.5"]
[White "Cummings, Nick"]
[Black "Xie, Felix"]
[Result "0-1"]
[ECO "B13"]
[WhiteElo "2032"]
[BlackElo "2166"]
[Annotator "NA"]
[PlyCount "102"]
[EventDate "2022.01.02"]
[EventType "swiss"]
[EventCountry "NZL"]
[SourceTitle "playchess.com"]
[Source "ChessBase"]
[SourceQuality "1"]
[TimeControl "40/5400+30:1800+30"]

1. e4 c6 2. d4 d5 3. exd5 cxd5 4. Bd3 Nc6 5. c3 Qc7 6. Ne2 Bg4 7. O-O e6 8. Qe1 Be7 9. Bf4 Qb6 10. Qc1 Rc8 11. f3 Nb4 12. cxb4 Rxc1 13. Rxc1 Bf5 14. Bxf5 exf5 15. Nbc3 Nf6 16. Na4 Qxb4 17. Rc8+ Bd8 18. b3 O-O 19. Nac3 Qe7 20. Rc1 Nh5 21. Bd2 Qe6 22. Ra8 Qa6 23. Re1 Qc6 24. Rxa7 Bb6 25. Ra4 Re8 26. Kf2 Bc7 27. g3 h6 28. b4 g5 29. b5 Qd6 30. Ra7 Rb8 31. Kg2 Ng7 32. Ra4 Ne6 33. Rb1 Bb6 34. Be3 Rc8 35. Bf2 f4 36. Rab4 Ng7 37. gxf4 gxf4 38. Kh1 Nf5 39. Rg1+ Kh7 40. Rb3 Rc4 41. Rd1 Bc7 42. b6 Bxb6 43. Rb5 Qc6 44. Rxb6 Qxb6 45. Nxd5 Qb2 46. Ndxf4 Rc2 47. Re1 Qxa2 48. d5 b5 49. d6 Nxd6 50. Rg1 Rxe2 51. Nh5 Ne8 0-1

[Event "129th New Zealand Championship 2022"]
[Site "Christchurch"]
[Date "2022.01.03"]
[Round "2.6"]
[White "Croad, Nicolas"]
[Black "Van Der Hoorn, Thomas"]
[Result "1-0"]
[ECO "E32"]
[WhiteElo "2289"]
[BlackElo "1685"]
[Annotator "ChessBase"]
[PlyCount "53"]
[EventDate "2022.01.02"]
[EventType "swiss"]
[EventCountry "NZL"]
[SourceTitle "playchess.com"]
[Source "ChessBase"]
[SourceQuality "1"]
[TimeControl "40/5400+30:1800+30"]

1. d4 Nf6 2. c4 e6 3. Nc3 Bb4 4. Qc2 O-O 5. a3 Bxc3+ 6. Qxc3 b6 7. Bg5 h6 8. Bh4 Bb7 9. f3 d5 10. cxd5 exd5 11. e3 Nbd7 12. Bd3 Re8 13. Ne2 c5 14. O-O Qe7 15. Bf2 Rac8 16. Qd2 cxd4 17. exd4 a6 18. Ng3 b5 19. Nf5 Qf8 20. g4 Nb6 21. Bh4 Nh7 22. Rae1 g5 23. Bg3 Re6 24. Rxe6 fxe6 25. Bd6 Qf6 26. Ne7+ Kf7 27. Bg6+ 1-0

[Event "129th New Zealand Championship 2022"]
[Site "Christchurch"]
[Date "2022.01.03"]
[Round "2.7"]
[White "Winter, Ryan"]
[Black "Milligan, Helen"]
[Result "0-1"]
[ECO "C90"]
[WhiteElo "2006"]
[BlackElo "1956"]
[Annotator "NA"]
[PlyCount "118"]
[EventDate "2022.01.02"]
[EventType "swiss"]
[EventCountry "NZL"]
[SourceTitle "playchess.com"]
[Source "ChessBase"]
[SourceQuality "1"]
[TimeControl "40/5400+30:1800+30"]

1. e4 e5 2. Nf3 Nc6 3. Bb5 a6 4. Ba4 Nf6 5. O-O Be7 6. Re1 b5 7. Bb3 d6 8. c3 O-O 9. a3 Na5 10. Ba2 Be6 11. Bxe6 fxe6 12. d4 exd4 13. cxd4 c5 14. Nc3 Nd7 15. Ne2 Qe8 16. dxc5 dxc5 17. Nf4 Bd8 18. b4 Nc4 19. bxc5 Nxc5 20. Nd3 Nxd3 21. Qxd3 Bb6 22. Bg5 Ra7 23. Qb3 Qg6 24. Bh4 Raf7 25. Bg3 Qg4 26. Qc2 h5 27. Qe2 g5 28. Kh1 h4 29. h3 Qh5 30. Bh2 g4 31. hxg4 Qxg4 32. Ne5 Nxe5 33. Bxe5 Qxe2 34. Rxe2 Rxf2 35. Rxf2 Bxf2 36. Rc1 Bg3 37. Bd4 Rd8 38. Bf6 Rd3 39. Be7 Kf7 40. Bb4 Rd4 41. e5 Bxe5 42. Bc3 Rd5 43. Bxe5 Rxe5 44. Rc7+ Kg6 45. Ra7 Kg5 46. Rxa6 Kf4 47. Kh2 Ke3 48. a4 bxa4 49. Rxa4 Re4 50. Ra5 e5 51. g3 Kf2 52. Ra2+ Kf3 53. gxh4 Rxh4+ 54. Kg1 e4 55. Ra4 Rh8 56. Ra7 e3 57. Ra3 Rd8 58. Ra7 Rd1+ 59. Kh2 e2 0-1

[Event "129th New Zealand Championship 2022"]
[Site "Christchurch"]
[Date "2022.01.03"]
[Round "2.8"]
[White "Punsalan, Vyanla M"]
[Black "Wang, Aaron Ziwen"]
[Result "0-1"]
[ECO "B22"]
[WhiteElo "1945"]
[BlackElo "1788"]
[Annotator "NA"]
[PlyCount "112"]
[EventDate "2022.01.02"]
[EventType "swiss"]
[EventCountry "NZL"]
[SourceTitle "playchess.com"]
[Source "ChessBase"]
[SourceQuality "1"]
[TimeControl "40/5400+30:1800+30"]

1. e4 c5 2. c3 Nf6 3. e5 Nd5 4. d4 cxd4 5. Nf3 Nc6 6. cxd4 d6 7. Nc3 Nxc3 8. bxc3 dxe5 9. d5 e4 10. dxc6 Qxd1+ 11. Kxd1 exf3 12. Bb5 b6 13. gxf3 e5 14. Re1 f6 15. f4 Bf5 16. fxe5 O-O-O+ 17. Ke2 Re8 18. Be3 Rxe5 19. a4 Bc5 20. Kf3 Bxe3 21. Rxe3 Rhe8 22. c4 Rxe3+ 23. fxe3 Be4+ 24. Ke2 Kc7 25. a5 Re7 26. axb6+ axb6 27. Ra7+ Kd6 28. Rxe7 Kxe7 29. c7 Bb7 30. Bc6 Bc8 31. Kd3 Kd6 32. Be4 f5 33. Bd5 Kxc7 34. Kd4 Kd6 35. Bg8 h6 36. Bf7 g5 37. Bg6 Bd7 38. Bh5 Bc6 39. Bg6 Be4 40. Bh5 Ke6 41. Bd1 Bb7 42. Bh5 Kf6 43. Be8 g4 44. Kc3 Ke5 45. Kb4 Ke4 46. Kb5 Kxe3 47. Kxb6 Ba8 48. Bd7 Ke4 49. c5 h5 50. c6 Bxc6 51. Kxc6 h4 52. Kd6 g3 53. Ke6 f4 54. Bc6+ Ke3 55. Kf5 f3 56. Kg4 g2 0-1

[Event "129th New Zealand Championship 2022"]
[Site "Christchurch"]
[Date "2022.01.03"]
[Round "2.9"]
[White "Ning, Isabelle Yixuan"]
[Black "Tang, Hao"]
[Result "0-1"]
[ECO "A57"]
[WhiteElo "1796"]
[BlackElo "1838"]
[Annotator "NA"]
[PlyCount "90"]
[EventDate "2022.01.02"]
[EventType "swiss"]
[EventCountry "NZL"]
[SourceTitle "playchess.com"]
[Source "ChessBase"]
[SourceQuality "1"]
[TimeControl "40/5400+30:1800+30"]

1. d4 Nf6 2. c4 c5 3. d5 b5 4. Qc2 bxc4 5. e4 d6 6. Bxc4 g6 7. Nf3 Bg7 8. O-O O-O 9. h3 Ba6 10. Nbd2 Qb6 11. Bxa6 Qxa6 12. Nc4 Nbd7 13. Bd2 Rab8 14. Na5 Rb5 15. Nc6 Re8 16. Bc3 Nb8 17. Nxb8 Rexb8 18. a3 Qb7 19. b4 cxb4 20. axb4 Rc8 21. Nd4 Rxb4 22. Nc6 Rxc6 23. dxc6 Qxc6 24. Rfc1 Rc4 25. Qb2 Bh6 26. Bd2 Bxd2 27. Qxd2 Nxe4 28. Qh6 Rxc1+ 29. Rxc1 Qb7 30. h4 a5 31. h5 Nf6 32. Qg5 Nxh5 33. Qxa5 Nf4 34. Qd8+ Kg7 35. Kf1 Qb5+ 36. Kg1 Ne2+ 37. Kf1 Nxc1+ 38. Kg1 Ne2+ 39. Kf1 Ng3+ 40. Kg1 Qf1+ 41. Kh2 Qxf2 42. Qxe7 Nf1+ 43. Kh1 Ne3 44. Qe4 Qxg2+ 45. Qxg2 Nxg2 0-1